 Seeded DCSS version 0.30-a0-726-gd89dcf765f (webtiles) character file.

Game seed: 5772684963948250150 (custom seed)

21 valliere the Stinger (level 2, -1/22 HPs)
             Began as a Naga Venom Mage on Jan 30, 2023.
             Succumbed to a gnoll's poison
             ... on level 1 of the Dungeon.
             The game lasted 00:01:35 (979 turns).

valliere the Stinger (Naga Venom Mage)               Turns: 979, Time: 00:01:36

Health: -1/22      AC:  1    Str:  9    XL:     2   Next: 83%
Magic:  0/4        EV: 10    Int: 19    God:
Gold:   49         SH:  0    Dex: 10    Spells: 4/5 levels left

rFire   . . .      SeeInvis +    j - +0 short sword
rCold   . . .      Faith    .    (no shield)
rNeg    . . .      Spirit   .    a - +0 robe
rPois   +          Reflect  .    (no helmet)
rElec   .          Harm     .    (no cloak)
rCorr   .          Rampage  .    (no gloves)
Will    .....                    (no barding)
Stlth   ++                       (no amulet)
HPRegen 0.23/turn                (no ring)
MPRegen 0.09/turn                (no ring)

@: lethally poisoned (-1 -> -10), very slow
A: AC +0, large, see invisible, deformed body, poison resistance, slowness 2,
spit poison 1, naga tail 1, clever 1, low MP 1
a: Spit Poison


You were on level 1 of the Dungeon.
You visited 1 branch of the dungeon, and saw 2 of its levels.

You collected 49 gold pieces.

Inventory:

Hand Weapons
 j - a +0 short sword (weapon)
Armour
 a - a +0 robe (worn)
Jewellery
 h - a ring of ice
Scrolls
 c - a scroll of identify {unknown}
 d - a scroll of poison {unknown}
 g - a scroll of blinking {unknown}
 i - a scroll of immolation {unknown}
 k - a scroll of fear {unknown}
 l - a scroll of brand weapon {unknown}
Potions
 b - a potion of magic
 e - a potion of berserk rage {unknown}
 f - a potion of curing {unknown}
 m - a potion of flight {unknown}


   Skills:
 + Level 1.8 Dodging
 + Level 3.5 Stealth
 + Level 2.2 Spellcasting
 + Level 1.4 Transmutations
 + Level 4.3 Poison Magic


You had 4 spell levels left.
You knew the following spells:

 Your Spells              Type           Power      Damage    Failure   Level
a - Sting                 Tmut/Pois      48%        1d5       4%          1

Your spell library contained the following spells:

 Spells                   Type           Power      Damage    Failure   Level
 Poisonous Vapours        Pois/Air       20%        N/A       11%         2
 Ignite Poison            Fire/Tmut/Pois 9%         N/A       22%         3
 Mephitic Cloud           Conj/Pois/Air  7%         N/A       28%         3
 Olgreb's Toxic Radiance  Pois           18%        N/A       28%         4
 Kindle Blastsparks       Fire/Tloc/Air  4%         2d10      45%         3
 Freezing Cloud           Conj/Ice/Air   1%         6-21      99%         5


Dungeon Overview and Level Annotations

Branches:
Dungeon (2/15)

Altars:

Shops:
D:1 :?((


Innate Abilities, Weirdness & Mutations

Your serpentine skin is tough. (AC +0)
You have supernaturally acute eyesight. (SInv)
Armour fits poorly on your strangely shaped body.
Your system is resistant to poisons. (rPois)
You cover ground very slowly.
You can spit poison.
You have a snake-like lower body.
Your mind is acute. (Int +4, Str/Dex -1)
Your magical capacity is low. (-10% MP)


Message History

You now have 49 gold pieces (gained 8).
m - a black potion You open the door.
There is a stone staircase leading down here.
A rat comes into view.
You can't see any susceptible monsters within range! (Use Z to cast anyway.)
The sting hits the rat but does no damage.
The rat is poisoned.
A rat is nearby!
The sting hits the rat.
The rat looks even sicker.
You kill the rat!
No target in view!
You enter the shallow water.
Done exploring.
Done exploring.
Done exploring.
There is a stone staircase leading down here.
You climb downwards.
Found an escape hatch in the floor.
There is a stone staircase leading up here.
The sting hits the gnoll.
The gnoll is poisoned.
The gnoll is moderately wounded.
The gnoll shouts! x2; You hear a shout! x2
The gnoll hits you from afar with a +0 halberd!
The gnoll shouts!
The sting hits the gnoll.
The gnoll looks even sicker.
The gnoll is heavily wounded.
The sting hits the gnoll but does no damage.
The gnoll is poisoned.
The sting hits the gnoll.
The gnoll looks even sicker.
The gnoll is lightly wounded.
The gnoll hits you from afar with a +1 spear of venom!
* * * LOW HITPOINT WARNING * * *
You are lethally poisoned!
* * * LOW HITPOINT WARNING * * *
You feel very sick.
You kill the gnoll!
The gnoll closely misses you.
You climb upwards.
You die...

######..#.##....#.......# ######
................#.......######
......##........#............####
.#..#.###.....#.#......####.#....
.#..#.######....#......# #.#.###
.#..#.##...............# #.#.#
.####+#.....#..[......## #.#.#
.........##.......#...# #.#.###
..#..........#..@.'...#####.#....
#.#.....#.#..#....#.........#####
#.####.....♣.#....#....######
#.##....#♣.∩.♣....#....#
#.##....#.#♣###...#..).#
#..'....#.# #...#....#
####....#.## #...####.#
##'###..#######.....##########
#.# ####^......##.....#......


There were no monsters in sight!

Vanquished Creatures
  A gnoll (D:2)
  2 goblins (D:1)
  2 kobolds (D:1)
  A quokka (D:1)
  A ball python (D:1)
  A frilled lizard (D:1)
  4 rats (D:1)
12 creatures vanquished.

Notes
Turn   | Place    | Note
-------+----------+-------------------------------------------
     0 | D:1      | valliere the Naga Venom Mage began the quest for the Orb.
     0 | D:1      | Reached XP level 1. HP: 15/15 MP: 3/3
   113 | D:1      | Found Tisut's Weapon Shoppe.
   221 | D:1      | Gained mutation: You are robust. (+10% HP) [potion of
                  | mutation]
   555 | D:1      | Reached XP level 2. HP: 15/24 MP: 1/5
   596 | D:1      | Found Hacah's Antique Weapon Emporium.
   597 | D:1      | Found Huucwiuf's Magic Scroll Shoppe.
   621 | D:1      | Found Bangeh's Book Boutique.
   641 | D:1      | Lost mutation: You are robust. (+10% HP) [potion of
                  | mutation]
   641 | D:1      | Gained mutation: Your magical capacity is low. (-10% MP)
                  | [potion of mutation]
   641 | D:1      | Gained mutation: Your mind is acute. (Int +4, Str/Dex -1)
                  | [potion of mutation]
   979 | D:1      | Succumbed to a gnoll's poison

Illustrated notes

Levels and vault maps discovered:
D:1:      sevenhm_arrival_forest_fort_small_3, layout_basic, serial_shops, shop,
          nicolae_shop_trees, shop, shop, corner_web_ring,
          chequers_serial_rivers_micro_b, serial_bayou_pond_e
D:2:      layout_basic, chequers_ecumenical_altar_simple, minmay_joined_circles,
          uniq_jessica

Action                     || total
---------------------------++-------
  Melee: Unarmed           ||     7
         Short sword       ||     4
   Cast: Sting             ||    22
    Use: Potion            ||     2
 Armour: Robe              ||     2
  Dodge: Dodged            ||     5

Table legend: (Time is in decaauts)
 A = Elapsed time spent in this place.
 B = Non-inter-level travel time spent in this place.
 C = Inter-level travel time spent in this place.
 D = Time resting spent in this place.
 E = Time spent auto-exploring this place.
 F = Levels seen in this place.
 G = Mean time per level.
                   A        B        C        D        E       F      G
               +--------+--------+--------+--------+--------+-----+--------+
         Total |   1239 |   1213 |     26 |      0 |   1094 |   2 |  619.5 |
       Dungeon |   1239 |   1213 |     26 |      0 |   1094 |   2 |  619.5 |
               +--------+--------+--------+--------+--------+-----+--------+

Top non-repeatable levels by time:
     D:1: 1233 daAuts
     D:2: 5 daAuts
